SAA
SALEM MISFITS @ ATLANTIC CITY SONICS
08/08/2030
 
TOP OF THE 1ST
Salem Misfits batting - Pitching for Atlantic City Sonics : RHP Lincoln Spooner
Pitching: RHP Lincoln Spooner
Batting: RHB César Ramos 0-0: Called Strike
0-1: Called Strike
0-2: Ball
1-2: Ball
2-2: Ball
3-2: Base on Balls
Batting: RHB Jorge Gómez 0-0: Called Strike
0-1: Ball
1-1: Ball
2-1: Swinging Strike
2-2: Fly out, F9 (Line Drive, 9S)
Batting: RHB Robinson Barquero 0-0: Foul Ball, location: 2F
0-1: Fly out, F7 (Line Drive, 7)
Batting: LHB Rodrigo Gómez 0-0: Ball
César Ramos steals 2nd base
1-0: Ball
2-0: Called Strike
2-1: Foul Ball, location: 2F
2-2: Ball
3-2: Base on Balls
Batting: RHB Jason Ward 0-0: Called Strike
0-1: Foul Ball, location: 2F
0-2: Ball
1-2: Ball
2-2: Ball
3-2: Foul Ball, location: 2F
3-2: Fly out, F7 (Flyball, 7LSF)
Top of the 1st over - 0 runs, 0 hits, 0 errors, 2 left on base; Salem 0 - Atlantic City 0
BOTTOM OF THE 1ST
Atlantic City Sonics batting - Pitching for Salem Misfits : RHP Enrique Valle
Pitching: RHP Enrique Valle
Batting: LHB Juan Ledezma 0-0: Ball
1-0: Foul Ball, location: 2F
1-1: Ground out 4-3 (Groundball, 34D)
Batting: RHB José Rodríguez 0-0: Foul Ball, location: 2F
0-1: Ball
1-1: Foul Ball, location: 2F
1-2: Ball
2-2: Ball
3-2: Ground out 4-3 (Groundball, 4M)
Batting: RHB Eddie Sachs 0-0: Swinging Strike
0-1: Swinging Strike
0-2: Ball
1-2: Strikes out swinging
Bottom of the 1st over - 0 runs, 0 hits, 0 errors, 0 left on base; Salem 0 - Atlantic City 0
TOP OF THE 2ND
Salem Misfits batting - Pitching for Atlantic City Sonics : RHP Lincoln Spooner
Batting: RHB Austin Case 0-0: Ball
1-0: Ball
2-0: SINGLE (Popup, 6D)
Batting: LHB Tyler Knopp 0-0: 2-RUN HOME RUN (Flyball, 9D), Distance : 384 ft
Batting: RHB Paul O'Neill 0-0: Ball
1-0: Called Strike
1-1: Ball
2-1: Called Strike
2-2: Strikes out swinging
Batting: RHB Octávio Pineda 0-0: Called Strike
0-1: Ball
1-1: Ground out 1-6-3 (Groundball, 15S)
Batting: RHB César Ramos 0-0: Called Strike
0-1: Ground out 4-3 (Groundball, 4)
Top of the 2nd over - 2 runs, 2 hits, 0 errors, 0 left on base; Salem 2 - Atlantic City 0
BOTTOM OF THE 2ND
Atlantic City Sonics batting - Pitching for Salem Misfits : RHP Enrique Valle
Batting: LHB Kelvin Abbott 0-0: Ball
1-0: Ball
2-0: Foul Ball, location: 2F
2-1: Foul Ball, location: 2F
2-2: Fly out, F8 (Flyball, 8RS)
Batting: RHB Alejandro Sánchez 0-0: Ball
1-0: Called Strike
1-1: Ball
2-1: Ball
3-1: Called Strike
3-2: Foul Ball, location: 2F
3-2: Ground out 5-3 (Groundball, 56S)
Batting: LHB José Pacheco 0-0: Ball
1-0: Ball
2-0: Ball
3-0: Base on Balls
Batting: RHB Jeff Quesenberry 0-0: Foul Ball, location: 2F
0-1: Ball
1-1: Ball
2-1: SINGLE (Flyball, 89M)
José Pacheco to second
Batting: RHB Malcolm Campbell 0-0: SINGLE (Groundball, 6MD)
José Pacheco to third
Jeff Quesenberry to second
Batting: SHB Curt Pack 0-0: Ball
1-0: Ball
2-0: Foul Ball, location: 2F
2-1: Ball
3-1: Foul Ball, location: 2F
3-2: Base on Balls
José Pacheco scores
Jeff Quesenberry to third
Malcolm Campbell to second
Batting: LHB Juan Ledezma 0-0: Ground out 4-3 (Groundball, 4)
Bottom of the 2nd over - 1 run, 2 hits, 0 errors, 3 left on base; Salem 2 - Atlantic City 1
TOP OF THE 3RD
Salem Misfits batting - Pitching for Atlantic City Sonics : RHP Lincoln Spooner
Batting: RHB Jorge Gómez 0-0: Called Strike
0-1: Ground out 6-3 (Groundball, 6)
Batting: RHB Robinson Barquero 0-0: Ball
1-0: Foul Ball, location: 2F
1-1: Foul Ball, location: 2F
1-2: Ground out 3-1 (Groundball, 34S)
Batting: LHB Rodrigo Gómez 0-0: Called Strike
0-1: Foul Ball, location: 2F
0-2: Strikes out swinging
Top of the 3rd over - 0 runs, 0 hits, 0 errors, 0 left on base; Salem 2 - Atlantic City 1
BOTTOM OF THE 3RD
Atlantic City Sonics batting - Pitching for Salem Misfits : RHP Enrique Valle
Batting: RHB José Rodríguez 0-0: Ball
1-0: Called Strike
1-1: Foul Ball, location: 2F
1-2: Ball
2-2: Ball
3-2: Strikes out looking
Batting: RHB Eddie Sachs 0-0: SINGLE (Groundball, 56D)
Batting: LHB Kelvin Abbott 0-0: Called Strike
0-1: Ball
1-1: Ball
2-1: Foul Ball, location: 2F
2-2: Fly out, F3 (Line Drive, 3)
Batting: RHB Alejandro Sánchez 0-0: Called Strike
0-1: Called Strike
0-2: Ball
1-2: Ball
2-2: SINGLE (Line Drive, 6MD)
Eddie Sachs to second
Batting: LHB José Pacheco 0-0: Swinging Strike
0-1: Swinging Strike
0-2: Ball
1-2: Ball
2-2: Ball
3-2: Base on Balls
Eddie Sachs to third
Alejandro Sánchez to second
Batting: RHB Jeff Quesenberry 0-0: Called Strike
0-1: Ball
1-1: Ball
2-1: Fly out, F9 (Flyball, 9LS)
Bottom of the 3rd over - 0 runs, 2 hits, 0 errors, 3 left on base; Salem 2 - Atlantic City 1
TOP OF THE 4TH
Salem Misfits batting - Pitching for Atlantic City Sonics : RHP Lincoln Spooner
Batting: RHB Jason Ward 0-0: Ball
1-0: Ground out 5-3 (Groundball, 5)
Batting: RHB Austin Case 0-0: Ball
1-0: Foul Ball, location: 2F
1-1: DOUBLE (Line Drive, 7D)
Batting: LHB Tyler Knopp 0-0: Called Strike
0-1: Ground out U3 (Groundball, 3)
Austin Case to third
Batting: RHB Paul O'Neill 0-0: Called Strike
0-1: Swinging Strike
0-2: Ball
1-2: Ball
2-2: Foul Ball, location: 2F
2-2: Foul Ball, location: 2F
2-2: SINGLE (Flyball, 9S)
Austin Case scores
Batting: RHB Octávio Pineda 0-0: SINGLE (Line Drive, 6MD)
Paul O'Neill to second
Batting: RHB César Ramos 0-0: Ball
1-0: Ball
2-0: Foul Ball, location: 2F
2-1: Foul Ball, location: 2F
2-2: Foul Ball, location: 2F
2-2: Foul Ball, location: 2F
2-2: SINGLE (Groundball, 56D)
Paul O'Neill to third
Octávio Pineda to second
Runner from 3rd tries for Home, SAFE, no throw
Batting: RHB Jorge Gómez 0-0: Called Strike
0-1: Swinging Strike
0-2: Ball
1-2: Strikes out swinging
Top of the 4th over - 2 runs, 4 hits, 0 errors, 2 left on base; Salem 4 - Atlantic City 1
BOTTOM OF THE 4TH
Atlantic City Sonics batting - Pitching for Salem Misfits : RHP Enrique Valle
Batting: RHB Malcolm Campbell 0-0: Ball
1-0: Ball
2-0: Called Strike
2-1: Ball
3-1: Called Strike
3-2: SINGLE (Groundball, 56D)
Batting: SHB Curt Pack 0-0: Foul Ball, location: 2F
0-1: Ball
1-1: Foul Ball, location: 2F
1-2: Ball
2-2: Ball
3-2: Foul Ball, location: 2F
3-2: SINGLE (Groundball, 4MD)
Malcolm Campbell to second
Batting: LHB Juan Ledezma 0-0: Ball
1-0: Ball
2-0: Ball
3-0: Base on Balls
Malcolm Campbell to third
Curt Pack to second
Batting: RHB José Rodríguez 0-0: Foul Ball, location: 2F
0-1: Ball
1-1: Ball
2-1: Ball
3-1: Foul Ball, location: 2F
3-2: Foul Ball, location: 2F
3-2: Foul Ball, location: 2F
3-2: Foul Ball, location: 2F
3-2: Strikes out looking
Batting: RHB Eddie Sachs 0-0: Ground out 5-3 (Groundball, 5S)
Malcolm Campbell scores
Curt Pack to third
Juan Ledezma to second
Batting: LHB Kelvin Abbott 0-0: Ball
1-0: Foul Ball, location: 2F
1-1: Ball
2-1: Ground out U3 (Groundball, 34)
Bottom of the 4th over - 1 run, 2 hits, 0 errors, 2 left on base; Salem 4 - Atlantic City 2
TOP OF THE 5TH
Salem Misfits batting - Pitching for Atlantic City Sonics : RHP Lincoln Spooner
Batting: RHB Robinson Barquero 0-0: Ball
1-0: Ball
2-0: Called Strike
2-1: Ball
3-1: Called Strike
3-2: SINGLE (Groundball, 4D)
Batting: LHB Rodrigo Gómez 0-0: Ball
1-0: Called Strike
1-1: Foul Ball, location: 2F
1-2: Ball
2-2: Strikes out swinging
Batting: RHB Jason Ward 0-0: Swinging Strike
0-1: Swinging Strike
0-2: Ball
1-2: Ball
2-2: Strikes out looking
Robinson Barquero steals 2nd base
Batter strikes out.
Batting: RHB Austin Case 0-0: Ball
1-0: SINGLE (Line Drive, 89S)
Robinson Barquero to third
Runner from 3rd tries for Home, SAFE, throw made home
Batting: LHB Tyler Knopp 0-0: Ball
1-0: Ball
2-0: Ball
3-0: Called Strike
3-1: Called Strike
3-2: Fly out, F7 (Flyball, 7D)
Top of the 5th over - 1 run, 2 hits, 0 errors, 1 left on base; Salem 5 - Atlantic City 2
BOTTOM OF THE 5TH
Atlantic City Sonics batting - Pitching for Salem Misfits : RHP Enrique Valle
Batting: RHB Alejandro Sánchez 0-0: Foul Ball, location: 2F
0-1: DOUBLE (Line Drive, 9LD)
Batting: LHB José Pacheco 0-0: Fly out, F3 (Popup, 3F)
Batting: RHB Jeff Quesenberry 0-0: Ball
1-0: Ball
2-0: Foul Ball, location: 2F
2-1: SINGLE (Flyball, 78S)
Alejandro Sánchez to third
Runner from 3rd tries for Home, SAFE, no throw
Batting: RHB Malcolm Campbell 0-0: Fly out, F4 (Line Drive, 4M)
Batting: SHB Curt Pack 0-0: Swinging Strike
0-1: Foul Ball, location: 2F
0-2: Ground out 4-3 (Groundball, 4)
Bottom of the 5th over - 1 run, 2 hits, 0 errors, 1 left on base; Salem 5 - Atlantic City 3
TOP OF THE 6TH
Salem Misfits batting - Pitching for Atlantic City Sonics : RHP Lincoln Spooner
Batting: RHB Paul O'Neill 0-0: Ground out 6-3 (Groundball, 56)
Batting: RHB Octávio Pineda 0-0: Foul Ball, location: 2F
0-1: Ball
1-1: Ball
2-1: Swinging Strike
2-2: Foul Ball, location: 2F
2-2: Foul Ball, location: 2F
2-2: Foul Ball, location: 2F
2-2: Strikes out swinging
Batting: RHB César Ramos 0-0: Foul Ball, location: 2F
0-1: Ball
1-1: Ball
2-1: Foul Ball, location: 2F
2-2: Ball
3-2: Base on Balls
Batting: RHB Jorge Gómez 0-0: Ball
1-0: Fielders Choice at 2nd, 5-4 (Groundball, 5L)
Top of the 6th over - 0 runs, 0 hits, 0 errors, 1 left on base; Salem 5 - Atlantic City 3
BOTTOM OF THE 6TH
Atlantic City Sonics batting - Pitching for Salem Misfits : RHP Enrique Valle
Batting: LHB Juan Ledezma 0-0: Called Strike
0-1: Fly out, F8 (Line Drive, 8LM)
Batting: RHB José Rodríguez 0-0: Ball
1-0: Ground out U3 (Groundball, 3S)
Batting: RHB Eddie Sachs 0-0: Ground out 6-3 (Groundball, 6)
Bottom of the 6th over - 0 runs, 0 hits, 0 errors, 0 left on base; Salem 5 - Atlantic City 3
TOP OF THE 7TH
Salem Misfits batting - Pitching for Atlantic City Sonics : RHP Lincoln Spooner
Batting: RHB Robinson Barquero 0-0: Called Strike
0-1: Ball
1-1: Ball
2-1: Ball
3-1: Called Strike
3-2: Foul Ball, location: 2F
3-2: Fly out, F9 (Flyball, 89D)
Batting: LHB Rodrigo Gómez 0-0: Called Strike
0-1: Fly out, F7 (Flyball, 7D)
Batting: RHB Jason Ward 0-0: Foul Ball, location: 2F
0-1: Ball
1-1: Ball
2-1: Ball
3-1: Ground out 5-3 (Groundball, 5S)
Top of the 7th over - 0 runs, 0 hits, 0 errors, 0 left on base; Salem 5 - Atlantic City 3
BOTTOM OF THE 7TH
Atlantic City Sonics batting - Pitching for Salem Misfits : RHP Enrique Valle
Batting: LHB Kelvin Abbott 0-0: Called Strike
0-1: Called Strike
0-2: SINGLE (Groundball, 4) (infield hit)
Pitching: RHP Zach Wells
Batting: RHB Alejandro Sánchez 0-0: Swinging Strike
0-1: Ball
1-1: Foul Ball, location: 2F
1-2: Foul Ball, location: 2F
1-2: Strikes out swinging
Batting: LHB José Pacheco 0-0: Ball
1-0: Called Strike
1-1: Ball
2-1: Called Strike
Kelvin Abbott steals 2nd base
2-2: Ball
3-2: Base on Balls
Pinch Hitting: LHB Russ Hanneman 0-0: Ball
1-0: Foul Ball, location: 2F
1-1: Ball
2-1: Ball
3-1: Called Strike
3-2: SINGLE (Groundball, 4D)
Kelvin Abbott to third
José Pacheco to second
Runner from 3rd tries for Home, SAFE, no throw
Batting: RHB Malcolm Campbell 0-0: SINGLE (Groundball, 56D)
José Pacheco to third
Russ Hanneman to second
Batting: SHB Curt Pack 0-0: Ball
1-0: Foul Ball, location: 2F
1-1: Swinging Strike
1-2: Ball
2-2: Strikes out swinging
Batting: LHB Juan Ledezma 0-0: Ball
1-0: Foul Ball, location: 2F
1-1: Foul Ball, location: 2F
1-2: Ball
2-2: Fly out, F2 (Popup, 2RF)
Bottom of the 7th over - 1 run, 3 hits, 0 errors, 3 left on base; Salem 5 - Atlantic City 4
TOP OF THE 8TH
Salem Misfits batting - Pitching for Atlantic City Sonics : RHP Lincoln Spooner
Pitching: LHP Doppo Omikado
Now at SS: Thurman Blumer
Batting: RHB Austin Case 0-0: Called Strike
0-1: Foul Ball, location: 2F
0-2: Fly out, F8 (Flyball, 8RD)
Batting: LHB Tyler Knopp 0-0: Called Strike
0-1: Ball
1-1: Ground out 4-3 (Groundball, 4S)
Batting: RHB Paul O'Neill 0-0: Called Strike
0-1: Foul Ball, location: 2F
0-2: Foul Ball, location: 2F
0-2: Ball
1-2: Ball
2-2: Strikes out looking
Top of the 8th over - 0 runs, 0 hits, 0 errors, 0 left on base; Salem 5 - Atlantic City 4
BOTTOM OF THE 8TH
Atlantic City Sonics batting - Pitching for Salem Misfits : RHP Zach Wells
Batting: RHB José Rodríguez 0-0: Called Strike
0-1: Ball
1-1: Swinging Strike
1-2: Ball
2-2: Foul Ball, location: 2F
2-2: Foul Ball, location: 2F
2-2: Foul Ball, location: 2F
2-2: Ground out 6-3 (Groundball, 6S)
Batting: RHB Eddie Sachs 0-0: Single, Error in OF, E7, batter to second base
Pitching: RHP Tim Nesheim
Batting: LHB Kelvin Abbott 0-0: Ball
1-0: Ball
2-0: Called Strike
2-1: Ball
3-1: Base on Balls
Batting: RHB Alejandro Sánchez 0-0: Ball
1-0: Ball
2-0: Ball
3-0: Base on Balls
Eddie Sachs to third
Kelvin Abbott to second
Batting: LHB José Pacheco 0-0: Ball
1-0: Ball
2-0: Grounds into fielders choice 4-2 (Groundball, 4M)
Kelvin Abbott to third
Alejandro Sánchez to second
Batting: RHB Thurman Blumer 0-0: Swinging Strike
0-1: Ball
1-1: Ball
2-1: Ball
3-1: Swinging Strike
3-2: Base on Balls
Kelvin Abbott scores
Alejandro Sánchez to third
José Pacheco to second
Batting: RHB Malcolm Campbell 0-0: Fly out, F4 (Line Drive, 4)
Bottom of the 8th over - 1 run, 1 hit, 1 error, 3 left on base; Salem 5 - Atlantic City 5
TOP OF THE 9TH
Salem Misfits batting - Pitching for Atlantic City Sonics : LHP Doppo Omikado
Pinch Hitting: RHB Vicente Andros 0-0: Ball
1-0: Fly out, F9 (Flyball, 89XD)
Batting: RHB César Ramos 0-0: Called Strike
0-1: Foul Ball, location: 2F
0-2: Ball
1-2: Ball
2-2: Ground out 6-3 (Groundball, 6)
Batting: RHB Jorge Gómez 0-0: Swinging Strike
0-1: Swinging Strike
0-2: Strikes out swinging
Top of the 9th over - 0 runs, 0 hits, 0 errors, 0 left on base; Salem 5 - Atlantic City 5
BOTTOM OF THE 9TH
Atlantic City Sonics batting - Pitching for Salem Misfits : RHP Tim Nesheim
Pitching: LHP León Vallejo
Now at 1B: Bob Petiet
Batting: SHB Curt Pack 0-0: Ball
1-0: Swinging Strike
1-1: Foul Ball, location: 2F
1-2: Strikes out swinging
Pinch Hitting: RHB Dam Son 0-0: Ball
1-0: Swinging Strike
1-1: Ball
2-1: Swinging Strike
2-2: Ball
3-2: Strikes out looking
Batting: RHB José Rodríguez 0-0: Swinging Strike
0-1: Called Strike
0-2: Ball
1-2: Ground out 4-3 (Groundball, 4)
Bottom of the 9th over - 0 runs, 0 hits, 0 errors, 0 left on base; Salem 5 - Atlantic City 5
TOP OF THE 10TH
Salem Misfits batting - Pitching for Atlantic City Sonics : LHP Doppo Omikado
Now in RF: Jesús Guzmán
Batting: RHB Robinson Barquero 0-0: Foul Ball, location: 2F
0-1: Ball
1-1: Foul Ball, location: 2F
1-2: Ground out 5-3 (Groundball, 56S)
Batting: LHB Rodrigo Gómez 0-0: Ball
1-0: Ball
2-0: Foul Ball, location: 2F
2-1: Ball
3-1: Base on Balls
Batting: RHB Jason Ward 0-0: Ball
Rodrigo Gómez steals 2nd base
1-0: Called Strike
1-1: Called Strike
1-2: Foul Ball, location: 2F
1-2: Ball
2-2: SINGLE (Line Drive, 56D)
Rodrigo Gómez to third
Batting: RHB Austin Case 0-0: Called Strike
Jason Ward steals 2nd base
0-1: Swinging Strike
0-2: Ball
1-2: Ball
2-2: Strikes out looking
Batting: LHB Tyler Knopp 0-0: Called Strike
0-1: Foul Ball, location: 2F
0-2: Ball
1-2: Ball
2-2: Foul Ball, location: 2F
2-2: Strikes out swinging
Top of the 10th over - 0 runs, 1 hit, 0 errors, 2 left on base; Salem 5 - Atlantic City 5
BOTTOM OF THE 10TH
Atlantic City Sonics batting - Pitching for Salem Misfits : LHP León Vallejo
Batting: RHB Eddie Sachs 0-0: Ball
1-0: Foul Ball, location: 2F
1-1: Ground out 5-3 (Groundball, 56)
Batting: LHB Kelvin Abbott 0-0: Ball
1-0: Called Strike
1-1: Ball
2-1: Foul Ball, location: 2F
2-2: Foul Ball, location: 2F
2-2: Fly out, F7 (Flyball, 78M)
Batting: RHB Alejandro Sánchez 0-0: Ball
1-0: Ground out 4-3 (Groundball, 34)
Bottom of the 10th over - 0 runs, 0 hits, 0 errors, 0 left on base; Salem 5 - Atlantic City 5
TOP OF THE 11TH
Salem Misfits batting - Pitching for Atlantic City Sonics : LHP Doppo Omikado
Batting: RHB Paul O'Neill 0-0: Called Strike
0-1: Ball
1-1: Ball
2-1: Ball
3-1: Ground out 5-3 (Groundball, 56)
Batting: RHB Bob Petiet 0-0: Ball
1-0: Ball
2-0: Fly out, F7 (Flyball, 7)
Pitching: RHP Alfredo Muńóz
Batting: RHB César Ramos 0-0: Swinging Strike
0-1: Swinging Strike
0-2: Ball
1-2: Ball
2-2: Ball
3-2: Strikes out looking
Top of the 11th over - 0 runs, 0 hits, 0 errors, 0 left on base; Salem 5 - Atlantic City 5
BOTTOM OF THE 11TH
Atlantic City Sonics batting - Pitching for Salem Misfits : LHP León Vallejo
Pitching: RHP Justin Furneaux
Batting: LHB José Pacheco 0-0: Ball
1-0: Foul Ball, location: 2F
1-1: Ball
2-1: Foul Ball, location: 2F
2-2: Fly out, F9 (Flyball, 9LSF)
Pinch Hitting: LHB Ward Wilberfoss 0-0: Ball
1-0: Ball
2-0: Ball
3-0: Called Strike
3-1: Base on Balls
Batting: RHB Malcolm Campbell 0-0: Foul Ball, location: 2F
0-1: Called Strike
0-2: Ball
1-2: Foul Ball, location: 2F
1-2: Ball
2-2: Foul Ball, location: 2F
2-2: Ball
3-2: Fly out, F3 (Popup, 34S)
Batting: SHB Curt Pack 0-0: Called Strike
0-1: Called Strike
0-2: Ball
1-2: Ball
2-2: Ball
3-2: Fly out, F8 (Flyball, 78M)
Bottom of the 11th over - 0 runs, 0 hits, 0 errors, 1 left on base; Salem 5 - Atlantic City 5
TOP OF THE 12TH
Salem Misfits batting - Pitching for Atlantic City Sonics : RHP Alfredo Muńóz
Now at 3B: Gianpaolo Monachino
Batting: RHB Jorge Gómez 0-0: Fly out, F7 (Line Drive, 7)
Batting: RHB Robinson Barquero 0-0: Called Strike
0-1: Ball
1-1: SOLO HOME RUN (Flyball, 9LD), Distance : 332 ft
Batting: LHB Rodrigo Gómez 0-0: Called Strike
0-1: Ball
1-1: Fly out, F5 (Popup, 25F)
Batting: RHB Jason Ward 0-0: Ball
1-0: SINGLE (Groundball, 6MD)
Batting: RHB Austin Case 0-0: Called Strike
0-1: Ball
1-1: Ball
2-1: Fielders Choice at 2nd, 6-4 (Groundball, 6)
Top of the 12th over - 1 run, 2 hits, 0 errors, 1 left on base; Salem 6 - Atlantic City 5
BOTTOM OF THE 12TH
Atlantic City Sonics batting - Pitching for Salem Misfits : RHP Justin Furneaux
Batting: RHB Jesús Guzmán 0-0: Ball
1-0: Foul Ball, location: 2F
1-1: Ball
2-1: SOLO HOME RUN (Flyball, 7D), Distance : 393 ft
Batting: RHB José Rodríguez 0-0: Ball
1-0: Called Strike
1-1: Foul Ball, location: 2F
1-2: Ball
2-2: Ball
3-2: Strikes out swinging
Batting: RHB Eddie Sachs 0-0: Ball
1-0: Swinging Strike
1-1: Ball
2-1: Fly out, F7 (Flyball, 7)
Batting: LHB Kelvin Abbott 0-0: Ball
1-0: Ball
2-0: Called Strike
2-1: Foul Ball, location: 2F
2-2: Ball
3-2: Base on Balls
Batting: RHB Alejandro Sánchez 0-0: Called Strike
0-1: Ball
1-1: Swinging Strike
1-2: Foul Ball, location: 2F
1-2: Fielders Choice at 2nd, U6 (Groundball, 6M)
Bottom of the 12th over - 1 run, 1 hit, 0 errors, 1 left on base; Salem 6 - Atlantic City 6
TOP OF THE 13TH
Salem Misfits batting - Pitching for Atlantic City Sonics : RHP Alfredo Muńóz
Batting: LHB Tyler Knopp 0-0: Ground out 4-3 (Groundball, 4M)
Batting: RHB Paul O'Neill 0-0: Ball
1-0: Ball
2-0: Ball
3-0: Base on Balls
Batting: RHB Bob Petiet 0-0: Called Strike
0-1: Ball
1-1: Ball
2-1: Grounds into double play, 1-6-3 (Groundball, 13)
Top of the 13th over - 0 runs, 0 hits, 0 errors, 0 left on base; Salem 6 - Atlantic City 6
BOTTOM OF THE 13TH
Atlantic City Sonics batting - Pitching for Salem Misfits : RHP Justin Furneaux
Batting: LHB José Pacheco 0-0: Ball
1-0: Ball
2-0: Ball
3-0: Base on Balls
Batting: RHB Gianpaolo Monachino 0-0: SINGLE (Line Drive, 9LS)
José Pacheco to second
Batting: RHB Malcolm Campbell 0-0: Ball
1-0: Foul Ball, location: 2F
1-1: Fly out, F8 (Flyball, 8RS)
Batting: SHB Curt Pack 0-0: Ball
1-0: Swinging Strike
1-1: Ball
2-1: Swinging Strike
2-2: Foul Ball, location: 2F
2-2: Ball
3-2: Strikes out swinging
Batting: RHB Jesús Guzmán 0-0: Called Strike
0-1: Foul Ball, location: 2F
0-2: Ball
1-2: SINGLE (Line Drive, 4MD)
José Pacheco to third
Gianpaolo Monachino to second
Batting: RHB José Rodríguez 0-0: Foul Ball, location: 2F
0-1: Ball
1-1: Ball
2-1: Foul Ball, location: 2F
2-2: Ball
3-2: Foul Ball, location: 2F
3-2: SINGLE (Groundball, 56D)
José Pacheco scores
Sunday, March 18th, 2018 - OOTP Baseball 18.8 Build 76